 Dungeon Crawl Stone Soup version 0.28.0-45-g0d030f2227 (webtiles) character file.

Game seed: 6786099165916716480

5072 Acheron the Cleaver (level 10, 0/77 (86) HPs)
             Began as a Minotaur Fighter on Apr 9, 2022.
             Was a Priest of Nemelex Xobeh.
             Killed by vampiric draining
             ... invoked by Josephine
              (17 damage)
             ... on level 10 of the Dungeon.
             The game lasted 00:55:18 (11193 turns).

Acheron the Cleaver (Minotaur Fighter)             Turns: 11193, Time: 00:55:18

HP:   0/77 (86)     AC: 11    Str: 20    XL:     10   Next: 31%
MP:   12/12         EV: 13    Int:  7    God:    Nemelex Xobeh [***...]
Gold: 498           SH: 10    Dex: 13    Spells: 6/9 levels left

rFire   + . .      SeeInvis .   a - +1 war axe
rCold   . . .      Faith    .   c - +0 buckler
rNeg    . . .      Spirit   .   B - +4 leather armour "Ybimeid" {rElec Will++ Regen+ Slay-5}
rPois   .          Reflect  +   (helmet restricted)
rElec   +          Harm     .   i - +2 cloak
rCorr   .          Rampage  .   (no gloves)
Will    ++...                   (no boots)
Stlth   ++........              j - amulet of reflection
HPRegen 1.02/turn               e - ring of protection from fire
MPRegen 0.13/turn               (no ring)

@: mighty, heavily drained
A: horns 2, retaliatory headbutt
a: Renounce Religion, Draw Escape, Draw Destruction, Draw Summoning, Triple Draw


You were on level 10 of the Dungeon.
You worshipped Nemelex Xobeh.
Nemelex Xobeh was most pleased with you.
You visited 2 branches of the dungeon, and saw 11 of its levels.
You also visited: Bailey.

You collected 511 gold pieces.
You spent 13 gold pieces at shops.

Inventory:

Hand Weapons
 a - a +1 war axe (weapon)
 v - a +2 vorpal hand axe
 y - the +3 dagger "Ahory" {holy, rElec rN+++ Int-5 Dex+2}
   (You found it on level 7 of the Dungeon)

   It has been blessed by the Shining One to cause great damage to the undead
   and demons.
   Int:       It affects your intelligence (-5).
   Dex:       It affects your dexterity (+2).
   rElec:     It insulates you from electricity.
   rN:        It renders you almost immune to negative energy.
 D - a +2 flail of holy wrath
Missiles
 g - 8 boomerangs (quivered)
 t - a boomerang of dispersal
 C - 5 javelins
 K - 6 poisoned darts
Armour
 b - a +0 scale mail
 c - a +0 buckler (worn)
 h - a +2 robe of willpower
 i - a +2 cloak (worn)
 p - the +0 scale mail of Buuggut {Harm rN+ Will- SInv}
   (You found it on level 5 of the Dungeon)

   rN:        It protects you from negative energy.
   SInv:      It lets you see invisible.
   Harm:      It increases damage dealt and taken.
   Will:      It decreases your willpower.
 x - a scarf of shadows
 B - the +4 leather armour "Ybimeid" (worn) {rElec Will++ Regen+ Slay-5}
   (You found it on level 9 of the Dungeon)

   Slay:      It affects your accuracy & damage with ranged weapons and melee
   (-5).
   rElec:     It insulates you from electricity.
   Regen:     It increases your rate of health regeneration.
   Will:      It greatly increases your willpower.
Magical Staves
 r - a staff of air
Jewellery
 e - a ring of protection from fire (left hand)
 j - an amulet of reflection (around neck)
 H - a ring of flight
Wands
 q - a wand of digging (5)
 u - a wand of polymorph (22)
 w - a wand of iceblast (22)
 G - a wand of paralysis (4)
 I - a wand of flame (11)
Scrolls
 f - 2 scrolls of amnesia
 F - a scroll of magic mapping
Potions
 k - a potion of mutation
 l - a potion of brilliance
 m - a potion of lignification {unknown}
 n - 2 potions of flight
 o - 2 potions of curing
 s - a potion of haste {unknown}
 z - a potion of heal wounds {unknown}
 E - a potion of cancellation {unknown}


   Skills:
 * Level 7.3 Fighting
 * Level 9.1 Axes
 * Level 4.3 Throwing
 * Level 8.1 Armour
 * Level 4.9 Dodging
 * Level 3.7 Stealth
 + Level 5.9 Shields
 * Level 4.1 Invocations
 * Level 3.7 Evocations


You had 6 spell levels left.
You knew the following spells:

 Your Spells              Type           Power      Damage    Failure   Level
a - Sandblast             Erth           0%         2d4       56%         1
b - Apportation           Tloc           0%         N/A       56%         1
c - Magic Dart            Conj           0%         1d3       56%         1

Your spell library contained the following spells:

 Spells                   Type           Power      Damage    Failure   Level
 Animate Skeleton         Necr           0%         N/A       56%         1
 Slow                     Hex            0%         N/A       56%         1
 Summon Small Mammal      Summ           0%         N/A       56%         1
 Call Imp                 Summ           0%         N/A       71%         2
 Passwall                 Tmut/Erth      0%         N/A       71%         2
 Searing Ray              Conj           0%         2d4       71%         2
 Confusing Touch          Hex            0%         N/A       90%         3
 Dazzling Flash           Conj/Hex       0%         N/A       90%         3
 Gell's Gravitas          Tloc           0%         N/A       90%         3
 Lesser Beckoning         Tloc           0%         N/A       90%         3
 Mephitic Cloud           Conj/Pois/Air  0%         N/A       90%         3
 Stone Arrow              Conj/Erth      0%         3d7       90%         3
 Teleport Other           Tloc           0%         N/A       90%         3
 Vampiric Draining        Necr           0%         2d6       90%         3
 Animate Dead             Necr           0%         N/A       100%        4
 Fulminant Prism          Conj/Hex       0%         3d6       100%        4
 Iskenderun's Mystic Bla  Conj/Tloc      0%         2d3       100%        4
 Starburst                Conj/Fire      0%         6d3       100%        6
 Haunt                    Necr/Summ      0%         N/A       100%        7
 Infestation              Necr           0%         N/A       100%        8


Dungeon Overview and Level Annotations

Branches:
Dungeon (10/15)            Temple (1/1) D:4          Bailey (visited)
   Lair: D:8-11         Orc: D:9-12

Altars:
Ashenzari
Cheibriados
Dithmenos
Elyvilon
Fedhas
Gozag
Hepliaklqana
Kikubaaqudgha
Makhleb
Nemelex Xobeh
Okawaru
Qazlal
Ru
Sif Muna
Trog
Uskayaw
Vehumet
Wu Jian
Xom
Yredelemnul
Zin
The Shining One

Shops:
D:10 :[*

Annotations:
D:3 2 transporters, exclusion: downstairs, dandone's ghost, amateur DjIE
D:7 exclusion: downstairs
D:9 exclusion: 2 downstairs
D:10 Josephine


Innate Abilities, Weirdness & Mutations

You have a pair of horns on your head.
You reflexively headbutt those who attack you in melee.


Message History

Josephine is severely wounded.
Josephine hits you but does no damage.
You closely miss Josephine. Your headbutt misses Josephine.
Josephine is severely wounded.
Josephine points at you and mumbles some strange words.
The ghostly flame explodes!
The ghostly fireball engulfs you!
You feel drained.
The ghostly fireball engulfs Josephine.
Josephine completely resists.
You barely miss Josephine.
Josephine is severely wounded.
Josephine hits you with a +0 dagger. You block Josephine's attack.
Unknown command.
You hit Josephine but do no damage.
You headbutt Josephine, but do no damage.
Josephine is severely wounded.
Josephine draws life force from you!!
* * * LOW HITPOINT WARNING * * *
Josephine is healed by the life force!
You hit Josephine but do no damage.
You headbutt Josephine, but do no damage.
Josephine is heavily wounded.
Josephine hits you with a +0 dagger.
* * * LOW HITPOINT WARNING * * *
You hit Josephine but do no damage. You headbutt Josephine.
Josephine is heavily wounded.
Josephine hits you but does no damage.
You hit Josephine but do no damage.
You headbutt Josephine, but do no damage.
Josephine is heavily wounded.
You block Josephine's attack.
You slash Josephine! Your headbutt misses Josephine.
Josephine is severely wounded.
Josephine hits you with a +0 dagger!
* * * LOW HITPOINT WARNING * * *
You feel very mighty all of a sudden. Josephine barely misses you.
You furiously retaliate!
You headbutt Josephine! You hit Josephine.
Josephine is almost dead.
Josephine draws life force from you!
You die...
Your body glows slightly and disappears.

### #### #####.. #...
##...... ###... #....#..
.'... #....#.> #...
#....#..
#...##############....#..
#..rWWW@@........'....'..
#...##############....#..
....... #....#.. #####>.
##.###.. #.# #.# ..
###### #.# ..# #.# .....#
#.# .. .. .W. ####.# #.#
.r. . W.. #.#####.####...
####.#


You could see Josephine, 3 wraiths and a quokka.

Vanquished Creatures
  2 trolls
  A shadow (D:9)
  2 wraiths
  A wyvern (D:8)
  3 yaks (D:8)
  Grum (D:8)
  Edmund (D:5)
  An acid dragon (D:6)
  3 water moccasins
  Duvessa (D:6)
  2 ice beasts (D:6)
  4 orc warriors
  3 necrophages
  2 ogres
  4 centaurs
  4 wolves
  3 bullfrogs
  Dowan (D:6)
  6 killer bees
  2 howler monkeys (D:8)
  A centaur zombie (D:9)
  2 orc priests (D:6)
  2 iguanas
  A gnoll shaman (D:6)
  2 orc wizards
  A howler monkey zombie (D:9)
  6 gnolls (D:7)
  8 adders
  A howler monkey skeleton (D:5)
  A shadow imp (D:7)
  3 white imps
  2 ufetubi
  2 worms
  6 dart slugs
  24 orcs
  8 ball pythons
  3 endoplasms
  2 giant cockroaches (D:3)
  2 goblins (D:1)
  6 hobgoblins
  11 jackals
  3 quokkas
  6 bats
  3 frilled lizards
  5 kobolds
  6 rats
164 creatures vanquished.

Vanquished Creatures (collateral kills)
  A sky beast (D:5)
  2 orc wizards (D:5)
  An orc (D:5)
4 creatures vanquished.

Vanquished Creatures (others)
  An orc (Bailey)
1 creature vanquished.

Grand Total: 169 creatures vanquished

Notes
Turn   | Place    | Note
-------+----------+-------------------------------------------
     0 | D:1      | Acheron the Minotaur Fighter began the quest for the Orb.
     0 | D:1      | Reached XP level 1. HP: 19/19 MP: 0/0
    88 | D:1      | Reached XP level 2. HP: 23/27 MP: 1/1
   472 | D:1      | Reached skill level 3 in Axes
   489 | D:1      | Reached XP level 3. HP: 29/33 MP: 2/2
  1071 | D:2      | Reached skill level 1 in Dodging
  1319 | D:2      | Found a hide-covered altar of Uskayaw.
  1321 | D:2      | Reached XP level 4. HP: 41/41 MP: 3/3
  1669 | D:3      | Found a transporter.
  1674 | D:3      | Noticed dandone's ghost (amateur DjIE)
  1682 | D:3      | Found a transporter.
  1788 | D:3      | Reached skill level 4 in Axes
  2362 | D:4      | Learned a level 1 spell: Sandblast
  2374 | D:4      | Found a staircase to the Ecumenical Temple.
  2382 | Temple   | Entered the Ecumenical Temple
  2635 | Temple   | Became a worshipper of Nemelex Xobeh the Trickster
  3010 | D:4      | Noticed an ogre
  3194 | D:5      | Entered Level 5 of the Dungeon
  3290 | D:5      | Noticed a sky beast
  3293 | D:5      | Reached XP level 5. HP: 47/47 MP: 4/4
  3309 | D:5      | Killed a sky beast
  3310 | D:5      | Reached skill level 1 in Throwing
  3310 | D:5      | Reached skill level 1 in Invocations
  3310 | D:5      | Reached XP level 6. HP: 55/55 MP: 5/5
  3376 | D:5      | Found a broken altar of Ashenzari.
  3399 | D:5      | Reached skill level 5 in Armour
  3399 | D:5      | Reached skill level 1 in Stealth
  3399 | D:5      | Reached skill level 1 in Evocations
  3477 | D:5      | Reached skill level 5 in Fighting
  3505 | D:5      | Reached * piety under Nemelex Xobeh
  3833 | D:5      | Identified the +0 scale mail of Buuggut {Harm rN+ Will-
                  | SInv}
  4037 | D:5      | Reached skill level 5 in Axes
  4037 | D:5      | Reached XP level 7. HP: 58/61 MP: 5/7
  4146 | D:5      | Noticed Edmund
  4179 | D:5      | Killed Edmund
  4368 | D:5      | Received a gift from Nemelex Xobeh
  4685 | D:6      | Reached XP level 8. HP: 18/69 MP: 8/8
  4990 | D:6      | Reached skill level 6 in Axes
  5725 | D:6      | Noticed a two-headed ogre
  5952 | D:6      | Reached skill level 7 in Axes
  5953 | D:6      | Noticed Dowan
  5985 | D:6      | Killed Dowan
  6117 | D:7      | Reached ** piety under Nemelex Xobeh
  6200 | D:7      | Reached skill level 5 in Shields
  6200 | D:7      | Reached XP level 9. HP: 10/75 MP: 10/10
  6696 | D:7      | Received a gift from Nemelex Xobeh
  6721 | D:7      | Noticed a troll
  6762 | D:7      | Killed a troll
  7433 | D:7      | Identified the +3 dagger "Ahory" {holy, rElec rN+++ Int-5
                  | Dex+2}
  7531 | D:8      | Found a bloodstained altar of Trog.
  7571 | D:8      | Reached skill level 8 in Axes
  8040 | D:10     | Entered Level 10 of the Dungeon
  8040 | D:10     | Found Pogu Xae's Antique Armour Shoppe.
  8040 | D:10     | Found Jasoj's General Store.
  8371 | D:9      | Identified the +4 leather armour "Ybimeid" {rElec Will++
                  | Regen+ Slay-5}
  8404 | D:9      | Found a flagged portal.
  8436 | Bailey   | Entered a bailey
  9019 | D:8      | Noticed Grum
  9213 | D:10     | Bought a potion of degeneration for 13 gold pieces
  9283 | D:9      | Reached *** piety under Nemelex Xobeh
  9289 | D:9      | Reached XP level 10. HP: 71/86 MP: 11/11
  9530 | D:10     | Found Tirhorcha's Book Shop.
  9598 | D:10     | Noticed a death yak
  9997 | D:8      | Reached skill level 9 in Axes
 10155 | D:8      | Killed Grum
 10347 | D:6      | Noticed Duvessa
 10423 | D:6      | Killed Duvessa
 10803 | D:10     | Found a hazy altar of Hepliaklqana.
 10809 | D:10     | Noticed a death yak
 10809 | D:10     | Noticed a death yak
 10941 | D:10     | Learned a level 1 spell: Apportation
 10943 | D:10     | Learned a level 1 spell: Magic Dart
 11169 | D:10     | Noticed Josephine
 11193 | D:10     | Killed from afar by Josephine

Illustrated notes

Levels and vault maps discovered:
D:1:      elethiomel_arrival_shortcut, layout_basic, minivault_27
D:2:      layout_basic, basic_altar, minmay_tetromino_s2
D:3:      layout_rooms, gammafunk_ghost_arena, minivault_14
D:4:      layout_layer_cave, minmay_temple_entry_butterflies,
          chequers_serial_rivers_marsh
D:5:      layout_basic, mainiacjoe_overflow_small_starburst, uniq_edmund
D:6:      layout_cave_pods, hangedman_abyss_or_decor_lesser_grid, uniq_duvessa
D:7:      layout_loops_ring
D:8:      layout_layer_cave, trog_book, uniq_grum
D:9:      layout_stronghold, enter_bailey_2
D:10:     layout_basic, nicolae_hepliaklqana_monster_ancestors,
          dpeg_lair_monsters, serial_shops, shop, shop,
          nicolae_inconvenience_store, nicolae_shop_advertising_works
          [nicolae_subvault_shop_adworks], shop, nicolae_figureground_pulse,
          uniq_erolcha, uniq_josephine
Temple:   mainiacjoe_temple_bowtie_tessellation

Skill      XL: |  1  2  3  4  5  6  7  8  9 10 |
---------------+-------------------------------+-----
Fighting       | 4 5 6 7 |  7.3
Axes           | 3 4 5 7 8 9 |  9.1
Armour         | 4 5 7 8 |  8.1
Dodging        | 1 2 3 4 |  4.9
Shields        | 4 5 |  5.9
Throwing       | 1 2 3 4 |  4.3
Invocations    | 1 2 3 4 |  4.1
Stealth        | 1 2 3 |  3.7
Evocations     | 1 2 3 |  3.7

Action                   |  1- 3 |  4- 6 |  7- 9 | 10-12 || total
-------------------------+-------+-------+-------+-------++-------
Melee: War axe           |    71 |   118 |   320 |   131 ||   640
       Headbutt          |    11 |    21 |    55 |    29 ||   116
Throw: Boomerang         |       |       |     6 |     5 ||    11
Invok: Draw Destruction  |       |       |     3 |     2 ||     5
       Draw Summoning    |       |       |     1 |       ||     1
       Draw Escape       |       |       |     2 |     3 ||     5
Evoke: Wand              |       |       |       |     1 ||     1
  Use: Scroll            |       |     6 |     8 |     3 ||    17
       Potion            |       |     1 |     1 |     1 ||     3
Armor: Scale mail        |    34 |    56 |    79 |       ||   169
       Leather armour    |       |       |    45 |    48 ||    93
Dodge: Dodged            |    37 |    45 |   211 |    57 ||   350
Block: Buckler           |    13 |    64 |   232 |    60 ||   369
       Reflection        |     1 |     1 |    17 |     1 ||    20
